 Dungeon Crawl Stone Soup version 0.28-a0-724-g66f9036eb4 (webtiles) character file.

Game seed: 8138826311422504167

12500 ABBCCCDDDD the Severer (level 11, -9/153 HPs)
             Began as a Minotaur Gladiator on Oct 26, 2021.
             Killed by divine providence
             ... invoked by a meliai
              (11 damage)
             ... on level 13 of the Dungeon.
             The game lasted 00:15:12 (13115 turns).

ABBCCCDDDD the Severer (Minotaur Gladiator)        Turns: 13115, Time: 00:15:13

Health: -9/153     AC: 25    Str: 23    XL:     11   Next: 63%
Magic:  10/10      EV:  2    Int:  5    God:
Gold:   858        SH:  0    Dex: 11    Spells: 10/10 levels left

rFire   x . .      SeeInvis +   J - +4 battleaxe
rCold   + . .      Faith    .   (shield currently unavailable)
rNeg    . . .      Spirit   .   (armour currently unavailable)
rPois   +          Reflect  .   (helmet currently unavailable)
rElec   .          Harm     .   (cloak currently unavailable)
rCorr   .          Rampage  .   (gloves currently unavailable)
Will    .....      NoTele   +   (boots currently unavailable)
Stlth   +++.......              (no amulet)
HPRegen 0.35/turn               n - ring of ice
MPRegen 0.12/turn               C - ring of see invisible

@: tree-form
A: stationary, stasis, torment immunity, boosted hp, (horns 2), (retaliatory
headbutt)
a: no special abilities


You were on level 13 of the Dungeon.
You were a tree.
You visited 2 branches of the dungeon, and saw 12 of its levels.
You also visited: Sewer and Ossuary.

You collected 858 gold pieces.

Inventory:

Hand Weapons
 a - a +0 war axe
 J - a +4 battleaxe (weapon)
Missiles
 d - 2 throwing nets (quivered)
 i - 75 poisoned darts
 l - 6 javelins
Armour
 c - a +0 hat (melded)
 m - a +1 cloak (melded)
 A - a +0 pair of gloves (melded)
 P - a +0 plate armour (melded)
Jewellery
 n - a ring of ice (left branch)
 y - a ring of magical power
 C - a ring of see invisible (right branch)
 H - an amulet of reflection
 I - a ring of protection from fire
 L - a ring of positive energy
Wands
 k - a wand of iceblast (8)
 E - a wand of flame (39)
 G - a wand of polymorph (7)
 O - a wand of paralysis (6)
Scrolls
 e - 4 scrolls of enchant weapon
 j - 3 scrolls of noise
 p - a scroll of brand weapon
 q - 2 scrolls of amnesia
 r - 2 scrolls of blinking {unknown}
 s - 6 scrolls of teleportation {unknown}
 u - 3 scrolls of vulnerability {unknown}
 B - 2 scrolls of holy word {unknown}
 D - 2 scrolls of fear {unknown}
 K - a scroll of enchant armour {unknown}
 M - a scroll of fog {unknown}
 N - a scroll of immolation {unknown}
 R - a scroll of identify
Potions
 b - 5 potions of curing
 f - a potion of lignification
 g - 2 potions of degeneration
 h - 4 potions of might
 o - 2 potions of haste
 t - a potion of brilliance {unknown}
 v - 2 potions of cancellation {unknown}
 w - a potion of heal wounds
 x - a potion of magic {unknown}
 z - 2 potions of attraction {unknown}
 F - 2 potions of berserk rage {unknown}
 Q - a potion of ambrosia {unknown}


   Skills:
 + Level 11.0 Fighting
 * Level 15.3 Axes
 - Level 2.0 Throwing
 + Level 10.6 Armour
 - Level 3.2 Dodging
 - Level 5.0 Stealth


You had 10 spell levels left.
You didn't know any spells.
Your spell library contained the following spells:

 Spells                   Type           Power      Damage    Failure   Level
 Shock                    Conj/Air       0%         1d3       47%         1
 Summon Small Mammal      Summ           0%         N/A       47%         1
 Ensorcelled Hibernation  Hex/Ice        0%         N/A       63%         2
 Sublimation of Blood     Necr           0%         N/A       63%         2
 Wereblood                Tmut           0%         N/A       63%         2
 Call Canine Familiar     Summ           0%         N/A       85%         3
 Summon Guardian Golem    Hex/Summ       0%         N/A       85%         3
 Swiftness                Air            0%         N/A       85%         3
 Tukima's Dance           Hex            0%         N/A       85%         3
 Airstrike                Air            0%         N/A       99%         4
 Hailstorm                Conj/Ice       0%         3d3       99%         4
 Ice Form                 Ice/Tmut       0%         N/A       99%         4
 Simulacrum               Ice/Necr       0%         N/A       100%        6
 Orb of Destruction       Conj           0%         N/A       100%        7
 Spellforged Servitor     Conj/Summ      0%         N/A       100%        7
 Summon Hydra             Summ           0%         N/A       100%        7


Dungeon Overview and Level Annotations

Branches:
Dungeon (10/15)            Temple (1/1) D:5            Lair (0/6) D:9
  Sewer (visited)         Ossuary (visited)
    Orc: D:9-12

Altars:
Ashenzari
Cheibriados
Dithmenos
Elyvilon
Fedhas
Gozag
Hepliaklqana
Kikubaaqudgha
Makhleb
Nemelex Xobeh
Okawaru
Qazlal
Ru
Sif Muna
Trog
Uskayaw
Vehumet
Wu Jian
Xom
Yredelemnul
Zin
The Shining One
Beogh

Shops:
D:3 [=   D:7 *

Annotations:
D:6 3 runed translucent doors, EtherCrawl's ghost, novice TrBe


Innate Abilities, Weirdness & Mutations

You are a tree.
Your roots penetrate the ground, keeping you stationary.
You cannot be teleported.
You are immune to unholy pain and torment.
Your maximum health is greatly increased.
Your equipment is partially melded.
((You have a pair of horns on your head.))
((You reflexively headbutt those who attack you in melee.))


Message History

The meliai hits you with a +2 hand axe of flaming.
* * * LOW HITPOINT WARNING * * *
The meliai burns you.
* * * LOW HITPOINT WARNING * * *
The meliai barely misses you.
The deep elf pyromancer hits you but does no damage.
It was a potion of heal wounds.
You feel much better.
The meliai mumbles some strange prayers to its god against you.
Something smites you!
* * * LOW HITPOINT WARNING * * *
The meliai hits you but does no damage.
The meliai stings you but does no damage.
The deep elf pyromancer hits you but does no damage.
You closely miss the meliai.
You closely miss the deep elf pyromancer.
The meliai mumbles some strange prayers to its god against you.
Something smites you!
* * * LOW HITPOINT WARNING * * *
The meliai hits you but does no damage.
The meliai stings you but does no damage.
The deep elf pyromancer barely misses you.
You hit the meliai.
The meliai is lightly wounded.
You hit the deep elf pyromancer. The meliai hits you but does no damage.
The meliai completely misses you.
The meliai hits you with a +2 hand axe of flaming!
* * * LOW HITPOINT WARNING * * *
The meliai burns you.
* * * LOW HITPOINT WARNING * * *
The meliai stings you but does no damage.
The deep elf pyromancer mumbles some strange words.
You feel better.
The meliai hits you with a +2 hand axe of flaming!
* * * LOW HITPOINT WARNING * * *
The meliai burns you.
* * * LOW HITPOINT WARNING * * *
The meliai stings you but does no damage.
The meliai calls down the wrath of its god upon you.
Something smites you!
You die...

....# ....#
.... ####
...# .
#...##...##..
#............
#....ey......
#....♣)E.....
#............
#############


You could see a deep elf pyromancer, a fire elemental (summoned) and a meliai.

Levels and vault maps discovered:
D:1:      ebering_hopf_link, layout_basic, minmay_tripent
D:2:      layout_basic, basic_altar, minmay_close_crescents
D:3:      layout_basic, mainiacjoe_overflow_big_doors,
          shapermc_ecumenical_altar_ellora, gup_sewer_entry_glass, serial_shops,
          nicolae_shop_statue_plus, nicolae_diamond_shop, kennysheep_orc_chapel
D:4:      layout_gridville, mainiacjoe_overflow_cross_hatched,
          nicolae_ossuary_entry_monument, minmay_tree_intersection,
          serial_bayou_pond_c, minmay_goblin_kobold_house
D:5:      layout_gridville, minmay_temple_entry_slanted
D:6:      layout_loops_cross, nicolae_uskayaw_murder_on_the_dancefloor,
          gammafunk_ghost_necromancy, nrook_campfire, minmay_misc_feat_hallway,
          minmay_door_square, kennysheep_opposing_triangles
D:7:      layout_gridville, zin_purify, xom_shifter_show,
          grunt_dithmenos_smoke_and_mirrors, minmay_bent, uniq_duvessa,
          uniq_joseph, uniq_pikel
D:8:      wad_statue_garden, layout_loops_ring, uniq_prince_ribbit1,
          uniq_maurice
D:9:      layout_gridville, general_overflow_altar, dpeg_lair_monsters
D:10:     layout_gridville, mainiacjoe_overflow_paths, uniq_grum
D:13:     layout_gridville, grunt_vaults_entry_fortified, gauntlet_entry_generic
Temple:   cyrus_circular_temple

Notes
Turn   | Place    | Note
-------+----------+-------------------------------------------
     0 | D:1      | ABBCCCDDDD the Minotaur Gladiator began the quest for the
                  | Orb.
     0 | D:1      | Reached XP level 1. HP: 18/18 MP: 0/0
    87 | D:1      | Reached skill level 4 in Axes
   191 | D:1      | Reached XP level 2. HP: 25/25 MP: 1/1
   397 | D:1      | Reached skill level 1 in Armour
  1354 | D:2      | Reached XP level 3. HP: 31/31 MP: 2/2
  1733 | D:2      | Found a basalt altar of Yredelemnul.
  2333 | D:3      | Found Daphym's Jewellery Boutique.
  2527 | D:3      | Found a white marble altar of Elyvilon.
  2533 | D:3      | Found an ornate altar of the Wu Jian Council.
  2570 | D:3      | Reached skill level 5 in Axes
  2570 | D:3      | Reached XP level 4. HP: 4/38 MP: 3/3
  2581 | D:3      | Noticed an ogre
  2621 | D:3      | Found a glowing drain.
  2689 | Sewer    | Entered a sewer
  2992 | Sewer    | Noticed Purgy
  3009 | Sewer    | Killed Purgy
  3010 | Sewer    | Reached XP level 5. HP: 28/46 MP: 4/4
  3176 | D:3      | Killed an ogre
  3177 | D:3      | Reached skill level 6 in Axes
  3177 | D:3      | Reached XP level 6. HP: 44/52 MP: 5/5
  3282 | D:3      | Found Rusofyce's Armour Emporium.
  3766 | D:3      | Found a faded altar of an unknown god.
  3873 | D:4      | Reached skill level 7 in Axes
  4113 | D:4      | Reached skill level 5 in Fighting
  4113 | D:4      | Reached XP level 7. HP: 61/61 MP: 6/6
  4181 | D:4      | Found a sand-covered staircase.
  4190 | Ossuary  | Entered an ossuary
  4748 | D:4      | Found a shimmering blue altar of Sif Muna.
  5054 | D:5      | Entered Level 5 of the Dungeon
  5125 | D:5      | Reached skill level 8 in Axes
  5357 | D:5      | Reached skill level 5 in Armour
  5777 | D:5      | Found a staircase to the Ecumenical Temple.
  5790 | Temple   | Entered the Ecumenical Temple
  5869 | D:5      | Reached XP level 8. HP: 64/70 MP: 7/7
  6201 | D:6      | Reached skill level 9 in Axes
  6483 | D:6      | Found a runed translucent gate.
  6484 | D:6      | Found a runed translucent gate.
  6484 | D:6      | Found a runed translucent gate.
  6635 | D:6      | Found a hide-covered altar of Uskayaw.
  6716 | D:6      | Reached skill level 10 in Axes
  6915 | D:6      | Identified the +10 halberd of Kismet {speed, Str+4 Dex-5}
  7420 | D:6      | Noticed EtherCrawl's ghost (novice TrBe)
  7789 | D:7      | Reached XP level 9. HP: 69/79 MP: 8/8
  8040 | D:7      | Noticed Pikel
  8051 | D:7      | Killed Pikel
  8052 | D:7      | Reached skill level 11 in Axes
  8173 | D:7      | Found a shadowy altar of Dithmenos.
  8226 | D:7      | Found Zin's Purification Station.
  8229 | D:7      | Found a glowing silver altar of Zin.
  8251 | D:7      | Noticed Duvessa
  8256 | D:7      | Noticed Dowan
  8258 | D:7      | Killed Duvessa
  8269 | D:7      | Killed Dowan
  8396 | D:7      | Noticed Joseph
  8411 | D:7      | Killed Joseph
  8412 | D:7      | Reached skill level 12 in Axes
  8856 | D:7      | Found a shimmering altar of Xom.
  8856 | D:7      | Noticed a deep troll
  8857 | D:7      | Found a shimmering altar of Xom.
  8857 | D:7      | Found a shimmering altar of Xom.
  8895 | D:7      | Found a shimmering altar of Xom.
  8895 | D:7      | Found a shimmering altar of Xom.
  8895 | D:7      | Found a shimmering altar of Xom.
  8895 | D:7      | Noticed a merfolk
  8896 | D:7      | Found a shimmering altar of Xom.
  8896 | D:7      | Found a shimmering altar of Xom.
  8934 | D:7      | Noticed a troll
  8934 | D:7      | Noticed an elephant
  8953 | D:7      | Noticed a jumping spider
  9068 | D:8      | Noticed a tengu conjurer
  9078 | D:8      | Killed a tengu conjurer
  9114 | D:8      | Noticed a two-headed ogre
  9118 | D:8      | Killed a two-headed ogre
  9119 | D:8      | Reached skill level 1 in Stealth
  9119 | D:8      | Reached XP level 10. HP: 74/90 MP: 9/9
  9193 | D:8      | Noticed a manticore
  9201 | D:8      | Killed a manticore
  9536 | D:8      | Noticed a manticore
  9538 | D:8      | Noticed an ogre mage
  9542 | D:8      | Killed a manticore
  9543 | D:8      | Reached skill level 13 in Axes
  9555 | D:8      | Killed an ogre mage
  9971 | D:8      | Noticed Maurice
  9984 | D:8      | Paralysed by Maurice for 3 turns
  9993 | D:8      | Killed Maurice
 10206 | D:8      | Noticed Prince Ribbit
 10220 | D:8      | Killed Prince Ribbit
 10439 | D:9      | Noticed a two-headed ogre
 10449 | D:9      | Killed a two-headed ogre
 10450 | D:9      | Reached skill level 10 in Fighting
 10450 | D:9      | Reached skill level 14 in Axes
 10607 | D:9      | Noticed a death yak
 10617 | D:9      | Noticed a death yak
 10620 | D:9      | Reached XP level 11. HP: 73/99 MP: 10/10
 10620 | D:9      | Noticed a death yak
 10621 | D:9      | Killed a death yak
 10966 | D:9      | Found a burning altar of Makhleb.
 11044 | D:9      | Found a staircase to the Lair.
 11196 | D:9      | Reached skill level 10 in Armour
 11763 | D:9      | Killed a death yak
 11898 | D:9      | Killed a death yak
 12355 | D:10     | Entered Level 10 of the Dungeon
 12389 | D:10     | Found a bloodstained altar of Trog.
 12394 | D:10     | Noticed Grum
 12403 | D:10     | Reached skill level 15 in Axes
 12405 | D:10     | Killed Grum
 12725 | D:10     | Reached skill level 5 in Stealth
 13102 | D:10     | You fall into a shaft and drop 3 floors!
 13102 | D:13     | Noticed a deep elf pyromancer
 13114 | D:13     | HP: 7/153 [meliai (8)]
 13115 | D:13     | HP: 2/153 [meliai (4)]
 13115 | D:13     | Killed from afar by a meliai

Table legend: (Time is in decaauts)
 A = Elapsed time spent in this place.
 B = Non-inter-level travel time spent in this place.
 C = Inter-level travel time spent in this place.
 D = Time resting spent in this place.
 E = Time spent auto-exploring this place.
 F = Levels seen in this place.
 G = Mean time per level.
                   A        B        C        D        E       F      G
               +--------+--------+--------+--------+--------+-----+--------+
         Total |  13168 |  12754 |    414 |   2450 |   8462 |  14 |  940.6 |
       Dungeon |  12386 |  11980 |    406 |   2169 |   8087 |  11 | 1126.0 |
        Temple |     64 |     56 |      8 |      0 |     47 |   1 |   64.0 |
         Sewer |    488 |    488 |      0 |    281 |    170 |   1 |  488.0 |
       Ossuary |    229 |    229 |      0 |      0 |    158 |   1 |  229.0 |
               +--------+--------+--------+--------+--------+-----+--------+

Top non-repeatable levels by time:
     D:9: 1685 daAuts
     D:8: 1684 daAuts
     D:7: 1437 daAuts
     D:6: 1410 daAuts
     D:1: 1256 daAuts
     D:2: 1165 daAuts
     D:5: 1016 daAuts
     D:4: 1013 daAuts
     D:3: 960 daAuts
    D:10: 745 daAuts
   Sewer: 488 daAuts
 Ossuary: 229 daAuts
  Temple: 64 daAuts
    D:13: 12 daAuts

Table legend:
 A = Kills in this place as a percentage of kills in entire the game.
 B = Kills by you in this place as a percentage of kills by you in the entire game.
 C = Kills by friends in this place as a percentage of kills by friends in the entire game.
 D = Other kills in this place as a percentage of other kills in the entire game.
 E = Experience gained in this place as a percentage of experience gained in the entire game.
 F = Experience gained in this place divided by the number of levels of this place that you have seen.
                   A       B       C       D       E      F
               +-------+-------+-------+-------+-------+----------------------
         Total | 100.0 | 100.0 |   N/A |   N/A | 100.0 | 1275.6
       Dungeon |  88.5 |  88.5 |   N/A |   N/A |  98.7 | 1602.5
         Sewer |   2.6 |   2.6 |   N/A |   N/A |   0.8 | 141.0
       Ossuary |   8.9 |   8.9 |   N/A |   N/A |   0.5 |  90.0
               +-------+-------+-------+-------+-------+----------------------

Action                   |  1- 3 |  4- 6 |  7- 9 | 10-12 || total
-------------------------+-------+-------+-------+-------++-------
Melee: War axe           |    90 |    59 |   246 |    12 ||   407
       Headbutt          |    11 |    11 |    52 |    40 ||   114
       Battleaxe         |       |       |       |   160 ||   160
Throw: Throwing net      |       |     3 |       |       ||     3
Evoke: Wand              |       |       |     1 |       ||     1
  Use: Scroll            |       |       |     6 |     2 ||     8
       Potion            |       |       |       |     7 ||     7
Armor: Leather armour    |    12 |       |       |       ||    12
       Ring mail         |    17 |    29 |    85 |       ||   131
       Scale mail        |       |       |    23 |     8 ||    31
       Chain mail        |       |       |       |    31 ||    31
       Plate armour      |       |       |       |    90 ||    90
       Skin              |       |       |       |    22 ||    22
Dodge: Dodged            |    60 |    63 |   137 |   114 ||   374

Vanquished Creatures
  An ogre mage (D:8)
  3 death yaks (D:9)
  2 two-headed ogres
  Pikel (D:7)
  2 manticores (D:8)
  Joseph (D:7)
  Maurice (D:8)
  A tengu conjurer (D:8)
  2 meliai (D:13)
  Prince Ribbit (D:8)
  17 yaks
  Grum (D:10)
  A steam dragon (D:9)
  An acid dragon (D:10)
  A water moccasin (D:5)
  Duvessa (D:7)
  2 orc warriors
  2 sky beasts
  Purgy (Sewer)
  A necrophage (D:6)
  2 ice beasts (D:6)
  2 wolves (D:10)
  4 ogres
  A centaur (D:8)
  A lemure (D:7)
  A kobold brigand (D:6)
  5 bullfrogs
  Dowan (D:7)
  3 scorpions
  A water moccasin skeleton (D:5)
  4 wights
  4 centaur zombies
  4 hounds
  7 orc priests
  3 jellies
  2 bullfrog skeletons (D:6)
  3 orc wizards
  6 iguanas
  A killer bee zombie (D:8)
  A hound skeleton (D:5)
  3 mummies (Ossuary)
  3 howler monkey zombies
  4 gnolls (D:4)
  A howler monkey skeleton (D:7)
  6 adders
  2 ufetubi
  4 adder zombies (Ossuary)
  2 dart slugs (D:4)
  26 orcs
  5 endoplasms
  3 giant cockroaches
  6 hobgoblins
  6 jackals
  11 kobolds
  6 quokkas
  7 ball pythons
  11 bats
  3 frilled lizards
  11 goblins
  3 goblin zombies (Ossuary)
  4 hobgoblin zombies (Ossuary)
  6 kobold zombies (Ossuary)
  A quokka skeleton (D:4)
  2 rats (D:1)
  A rat zombie (Ossuary)
236 creatures vanquished.

Vanquished Creatures (others)
  A fungus (D:3)
  8 plants
9 creatures vanquished.

Grand Total: 245 creatures vanquished
